 Dungeon Crawl Stone Soup version 0.26-a0-668-gd58323b419 (webtiles) character file.

Game seed: 15169852164168796858

702 somkeydreadnuts the Covert (level 7, -2/41 HPs)
             Began as an Octopode Venom Mage on Oct 18, 2020.
             Was an Initiate of Gozag.
             Killed from afar by Blork the orc (8 damage)
             ... with a puff of flame
             ... on level 4 of the Dungeon.
             The game lasted 00:27:01 (3967 turns).

somkeydreadnuts the Covert (Octopode Venom Mage)    Turns: 3967, Time: 00:27:03

Health: -2/41      AC:  3    Str:  7    XL:     7   Next: 66%
Magic:  1/10       EV: 13    Int: 20    God:    Gozag
Gold:   165        SH:  5    Dex: 12    Spells: 8/11 levels left

rFire    . . .     SeeInvis .   s - +3 quarterstaff (chaos)
rCold    . . .     Faith    .   (shield currently unavailable)
rNeg     . . .     Spirit   .   r - +2 hat {MR+}
rPois    +         Reflect  +   f - amulet of reflection
rElec    .         Harm     .   (no ring)
rCorr    .         Rampage  .   k - ring of poison resistance
MR       +....                  (no ring)
Stlth    +++++.....             (no ring)
HPRegen  0.13/turn              (no ring)
MPRegen  0.12/turn              (no ring)
                                (no ring)
                                (no ring)

@: no status effects
A: almost no armour, stealthy swim, amphibious, 8 rings, constrict 8, camouflage
1, gelatinous body 1
a: Potion Petition, Call Merchant, Bribe Branch, Renounce Religion


You were on level 4 of the Dungeon.
You worshipped Gozag.
Gozag was aware of your devotion.
You visited 2 branches of the dungeon, and saw 5 of its levels.

You collected 205 gold pieces.
You paid 40 gold pieces to Gozag.

Inventory:

Hand Weapons
 d - a +0 short sword
 s - a +3 quarterstaff of chaos (weapon)
Missiles
 g - 6 boomerangs
 h - 3 curare-tipped darts (quivered)
 p - 67 stones
 q - 28 arrows
 v - 7 bolts
Armour
 r - a +2 hat of magic resistance (worn)
Jewellery
 f - an amulet of reflection (around mantle)
 k - a ring of poison resistance (right tentacle)
Scrolls
 l - a scroll of remove curse
 n - 2 scrolls of amnesia
 o - 3 scrolls of identify
 u - 2 scrolls of enchant weapon {unknown}
Potions
 a - 3 potions of mutation {unknown}
 b - a potion of flight
 c - a potion of lignification
 e - a potion of magic {unknown}
 i - 2 potions of heal wounds
 j - 3 potions of curing {unknown}
 m - a potion of brilliance {unknown}
 t - a potion of invisibility {unknown}


   Skills:
 - Level 1.3 Staves
 - Level 2.1 Dodging
 - Level 9.2 Stealth
 - Level 2.6 Spellcasting
 + Level 2.2 Transmutations
 * Level 0.8 Air Magic
 + Level 5.8 Poison Magic


You had 8 spell levels left.
You knew the following spells:

 Your Spells              Type           Power        Failure   Level
a - Sting                 Tmut/Pois      ###.         2%          1
b - Poisonous Vapours     Pois/Air       ###...       5%          2

Your spell library contained the following spells:

 Spells                   Type           Power        Failure   Level
 Olgreb's Toxic Radiance  Pois           ####....     13%         4
 Ignite Poison            Fire/Tmut/Pois ##......     14%         3
 Mephitic Cloud           Conj/Pois/Air  ##......     19%         3


Dungeon Overview and Level Annotations

Branches:
Dungeon (4/15)             Temple (1/1) D:4

Altars:
Ashenzari
Cheibriados
Dithmenos
Elyvilon
Fedhas
Gozag
Hepliaklqana
Kikubaaqudgha
Makhleb
Nemelex Xobeh
Qazlal
Ru
Sif Muna
Trog
Uskayaw
Vehumet
Wu Jian
Xom
Yredelemnul
Zin
The Shining One

Annotations:
D:4 Blork the orc


Innate Abilities, Weirdness & Mutations

You cannot wear most types of armour.
You are very stealthy in the water. (Stealth+)
You are amphibious.
You can wear up to eight rings at the same time.
You can use your tentacles to constrict eight enemies at once.
Your skin changes colour to match your surroundings (Stealth+).
Your rubbery body absorbs attacks. (AC +1, EV +1)


Message History

Your magical contamination has completely faded away.
Casting: Sting (safe; 2% risk of failure)
Confirm with . or Enter, or press ? or * to list all spells.
Aiming: Poisonous Vapours (safe; 5% risk of failure)
Press: ? - help, Dir - move target cursor, f/p - Blork the orc
Aim: Blork the orc, wielding a +0 war axe, wearing a +0 robe and carrying a wand of flame (14) (heavily wounded, fast, very poisoned) Poisonous vapours surround Blork the orc!
Blork the orc is engulfed in poison gas.
Blork the orc looks even sicker.
Blork the orc zaps a wand.
The puff of flame hits you.
* * * LOW HITPOINT WARNING * * *
You feel much better.
Blork the orc screams, "I'll cover the dungeon with your blood!"
Blork the orc gestures at you while chanting.
The puff of flame hits you!
* * * LOW HITPOINT WARNING * * *
Blork the orc screams, "I'm much stronger than you!"
Blork the orc zaps a wand.
The puff of flame hits you!
You die...
Your body crumbles into a pile of gold.

#.#
#.....##.........<..
#.#
###.####.######.....
#†# ##'####.# #.#.#.
#.# #.......# #.#.#.
#.# #.......# # #.#.
#.# #.......# #.##
#.# #.o.....## #.#
#.# #...........#
#.# #.#
##@.........# ...
#.#
#########.####.....#
#.## #.# #.......#.#
###.... ... #.#
#.#.....#.# .### #..
#.# ###.#.....#.# #
#### #.#
#...+.....#.#######
.... #.#
#.#.#.....###.....#
... #.# #.#.#####.#
#.....# .. #.# #.#.#
#.# #.....#+## #+###


You could see Blork the orc (fast, very poisoned).

Vanquished Creatures
  Eustachio (Temple)
  An ogre (D:4)
  A scorpion (D:4)
  A hound (D:4)
  2 orc wizards (D:3)
  3 orc priests
  Crazy Yiuf (D:3)
  A worker ant (D:4)
  3 gnolls (D:4)
  4 adders
  An ooze (D:3)
  2 worms
  2 dart slugs
  5 leopard geckos
  6 orcs
  A giant cockroach (D:3)
  3 goblins
  6 hobgoblins
  2 quokkas
  6 bats
  6 frilled lizards
  5 kobolds
  4 rats
67 creatures vanquished.

Vanquished Creatures (others)
  A swamp drake (D:4)
1 creature vanquished.

Grand Total: 68 creatures vanquished

Notes
Turn   | Place    | Note
-------+----------+-------------------------------------------
     0 | D:1      | somkeydreadnuts the Octopode Venom Mage began the quest for
                  | the Orb.
     0 | D:1      | Reached XP level 1. HP: 11/11 MP: 3/3
   256 | D:1      | Reached XP level 2. HP: 17/17 MP: 3/5
   976 | D:2      | Reached XP level 3. HP: 18/21 MP: 3/6
  1719 | D:2      | You fall into a shaft and drop 1 floor!
  2010 | D:3      | Reached XP level 4. HP: 27/27 MP: 3/7
  2101 | D:3      | Reached skill level 3 in Stealth
  2377 | D:3      | Reached skill level 4 in Stealth
  2401 | D:3      | Reached skill level 5 in Stealth
  2401 | D:3      | Reached XP level 5. HP: 25/31 MP: 0/8
  2721 | D:3      | Found a runed translucent door.
  2722 | D:3      | Noticed Crazy Yiuf
  2736 | D:3      | Killed Crazy Yiuf
  2736 | D:3      | Reached skill level 6 in Stealth
  2858 | D:4      | Reached XP level 6. HP: 30/36 MP: 6/9
  3002 | D:4      | Reached skill level 7 in Stealth
  3130 | D:4      | Found a staircase to the Ecumenical Temple.
  3138 | D:4      | Noticed Eustachio
  3147 | Temple   | Entered the Ecumenical Temple
  3154 | Temple   | Killed Eustachio
  3154 | Temple   | Reached skill level 1 in Staves
  3154 | Temple   | Reached skill level 8 in Stealth
  3154 | Temple   | Reached XP level 7. HP: 37/41 MP: 1/10
  3311 | Temple   | Became a worshipper of Gozag Ym Sagoz the Greedy
  3374 | D:4      | Reached skill level 9 in Stealth
  3374 | D:4      | Reached skill level 5 in Poison Magic
  3637 | D:4      | Learned a level 2 spell: Poisonous Vapours
  3947 | D:4      | Noticed Blork the orc
  3967 | D:4      | Killed from afar by Blork the orc

Illustrated notes

Levels and vault maps discovered:
D:1:      sevenhm_arrival_forest_fort_small_4, layout_basic
D:2:      layout_basic
D:3:      layout_basic, uniq_crazy_yiuf_cottage
D:4:      layout_basic, minmay_temple_entry_junction_2, uniq_eustachio,
          uniq_blork_the_orc
Temple:   grunt_wide_crystal_templ

Skill      XL: |  1  2  3  4  5  6  7 |
---------------+----------------------+-----
Poison Magic   | 4 5 |  5.8
Stealth        | 5 6 8 9 |  9.2
Staves         | 1 |  1.3
Transmutations | 2 |  2.2
Dodging        | |  2.1
Spellcasting   | |  2.6
Air Magic      | |  0.8

Action                   |  1- 3 |  4- 6 |  7- 9 || total
-------------------------+-------+-------+-------++-------
Melee: Unarmed           |     3 |       |       ||     3
       Constrict         |     4 |     6 |     1 ||    11
       Short sword       |     4 |    26 |       ||    30
       Tentacles         |     1 |     4 |     1 ||     6
       Quarterstaff      |       |     4 |     9 ||    13
Throw: Boomerang         |     1 |     3 |       ||     4
       Dart              |       |     4 |     2 ||     6
 Cast: Sting             |    46 |    47 |    26 ||   119
       Poisonous Vapours |       |       |     6 ||     6
  Use: Scroll            |     4 |     1 |       ||     5
       Potion            |       |       |     3 ||     3
Armor: Skin              |       |     3 |     2 ||     5
Dodge: Dodged            |    12 |    30 |    10 ||    52
Block: Other             |       |     5 |     5 ||    10

Table legend: (Time is in decaauts)
 A = Elapsed time spent in this place.
 B = Non-inter-level travel time spent in this place.
 C = Inter-level travel time spent in this place.
 D = Time resting spent in this place.
 E = Time spent auto-exploring this place.
 F = Levels seen in this place.
 G = Mean time per level.
                   A        B        C        D        E       F      G
               +--------+--------+--------+--------+--------+-----+--------+
         Total |   3977 |   3945 |     32 |      0 |   2860 |   5 |  795.4 |
       Dungeon |   3784 |   3752 |     32 |      0 |   2771 |   4 |  946.0 |
        Temple |    192 |    192 |      0 |      0 |     89 |   1 |  192.0 |
               +--------+--------+--------+--------+--------+-----+--------+

Top non-repeatable levels by time:
     D:3: 1137 daAuts
     D:4: 929 daAuts
     D:1: 924 daAuts
     D:2: 793 daAuts
  Temple: 192 daAuts
